 Dungeon Crawl Stone Soup version 0.31-a0-625-gc9c7e45f3f (webtiles) character file.

Game seed: 4386126055112698670

466 Descartes the Ducker (level 6, 0/28 HPs)
             Began as a Felid Shapeshifter on Aug 24, 2023.
             Slain by an adder (3 damage)
             ... on level 4 of the Dungeon.
             The game lasted 00:04:48 (3741 turns).

Descartes the Ducker (Felid Shapeshifter)           Turns: 3741, Time: 00:04:49

Health: 0/28       AC:  2    Str: 13    XL:     6   Next: 81%
Magic:  7/7        EV: 19    Int:  9    God:
Gold:   131        SH:  0    Dex: 17    Spells: 5/5 levels left
                                        Lives:  0   Deaths: 2

rFire   . .          .
                       - Unarmed
rCold   . . .        (shield unavailable)
rNeg    . . .        (body armour unavailable)
rPois   .            (helmet unavailable)
rElec   .            (cloak unavailable)
rCorr   .            (gloves unavailable)
SInv    +            (boots unavailable)
Will    .....        (no amulet)
Stlth   +++          (no ring)
HPRegen 0.24/turn    (no ring)
MPRegen 0.10/turn

%: no passive effects
@: beast-form, quick
A: beast (slay +2), very small, claws 1, fangs 3, see invisible, speed 1, shaggy
fur 2, stealthy paws, no weapons or thrown items, no armour, multi-lived
a: Begin Untransformation


You were on level 4 of the Dungeon.
You were a hulking beast.
You visited 1 branch of the dungeon, and saw 5 of its levels.

You collected 203 gold pieces.
You spent 72 gold pieces at shops.

Inventory:

Jewellery
 m - a ring of ice
Talismans
 b - a beast talisman (active)
 c - a flux talisman
Scrolls
 d - 4 scrolls of teleportation {unknown}
 e - a scroll of brand weapon {unknown}
 f - a scroll of poison {unknown}
 g - 2 scrolls of blinking {unknown}
 h - 3 scrolls of identify {unknown}
 i - a scroll of revelation {unknown}
 j - a scroll of noise {unknown}
 k - a scroll of torment {unknown}
 l - a scroll of butterflies {unknown}
 o - 2 scrolls of fear {unknown}
Potions
 a - a potion of lignification
 n - 2 potions of heal wounds {unknown}
 p - 3 potions of mutation {unknown}
 q - a potion of haste {unknown}
 r - 2 potions of curing {unknown}
 s - a potion of degeneration {unknown}
 t - a potion of cancellation {unknown}


   Skills:
 + Level 3.1 Fighting
 + Level 5.1 Dodging
 + Level 4.1 Stealth
 + Level 4.4 Unarmed Combat
 + Level 4.5 Shapeshifting


You had 5 spell levels left.
You didn't know any spells.
Your spell library contained the following spells:

 Spells                   Type           Power      Damage    Failure   Level
 Apportation              Tloc           0%         N/A       38%         1
 Foxfire                  Conj/Fire      0%         2x1d4     38%         1
 Necrotise                Necr           0%         1d4       38%         1
 Shock                    Conj/Air       0%         1d3       38%         1
 Summon Small Mammal      Summ           0%         N/A       38%         1
 Call Canine Familiar     Summ           0%         N/A       77%         3
 Summon Guardian Golem    Hex/Summ       0%         N/A       77%         3
 Vhi's Electric Charge    Tloc/Air       0%         N/A       77%         3
 Conjure Ball Lightning   Conj/Air       0%         3x3d6     100%        6
 Plasma Beam              Fire/Air       0%         2x1d10    100%        6
 Starburst                Conj/Fire      0%         6d3       100%        6


Dungeon Overview and Level Annotations

Branches:
Dungeon (5/15)
 Temple: D:4-7

Altars:
Ashenzari
Elyvilon
Gozag

Shops:
D:1 (   D:4 **

Annotations:
D:5 Blork the orc


Innate Abilities, Weirdness & Mutations

You are a hulking beast.
Your limbs bulge with bestial killing power. (Slay +2)
You have sharp claws.
You have razor-sharp teeth.
You have supernaturally acute eyesight. (SInv)
You cover ground quickly. (Speed+)
You are covered in thick fur. (AC +2)
Your paws help you pounce on unaware monsters.
You are incapable of wielding weapons or throwing items.
You cannot wear armour.
You gain extra lives every three experience levels.


Message History

You are too injured to fight recklessly!
You are too injured to fight recklessly!
You are too injured to fight recklessly!
You are too injured to fight recklessly!
You are too injured to fight recklessly!
You are too injured to fight recklessly!
You are too injured to fight recklessly!
You are too injured to fight recklessly!
You are too injured to fight recklessly!
You are too injured to fight recklessly!
You are too injured to fight recklessly!
You are too injured to fight recklessly!
Unknown command.
The orc attacks as it pursues you! The orc completely misses you.
Blork the orc attacks as he pursues you!
Blork the orc closely misses you.
The orc wizard attacks as it pursues you!
The orc wizard hits you with a +0 dagger.
Blork the orc casts a spell.
Blork the orc seems to speed up.
Unknown command.
The orc wizard attacks as it pursues you!
The orc wizard hits you with a +0 dagger.
* * * LOW HITPOINT WARNING * * *
Blork the orc screams, "I'll cover the dungeon with your blood!"
You see here 14 gold pieces.
The orc wizard casts a spell at you. The puff of flame hits you!
* * * LOW HITPOINT WARNING * * *
The orc wizard casts a spell at you.
You easily resist.
Blork the orc looks braver for a moment.
The adder attacks as it pursues you! The adder closely misses you.
There is a stone staircase leading up here.
The adder bites you.
* * * LOW HITPOINT WARNING * * *
You climb upwards.
There is a stone staircase leading down here.
You miss the adder. The adder bites you.
You die...

#........#.... ##############
#............. #.............
########.............
###.##...#.............
#...'....'.............
#...#..S.#..........)..
#...#.h..#.............
##########.....#####..#
#######.####.#######'# ♣.....
#....................#♣♣§§...
#....................#§§§§..⌠
#....................#♣§§§...
#.......##...##...##.##§♣§...
###############...########..#
#..........##..#


You could see an adder.

Vanquished Creatures
  A wyvern (D:5)
  An ogre (D:4)
  2 jellies (D:4)
  7 adders
  A gnoll (D:1)
  2 ufetubi (D:5)
  2 dart slugs (D:2)
  6 orcs
  8 bats
  7 endoplasms
  8 giant cockroaches
  4 goblins
  5 hobgoblins
  3 jackals (D:1)
  7 kobolds
  2 quokkas
  8 ball pythons
  6 frilled lizards
  6 rats
86 creatures vanquished.

Notes
Turn   | Place    | Note
-------+----------+-------------------------------------------
     0 | D:1      | Descartes the Felid Shapeshifter began the quest for the
                  | Orb.
     0 | D:1      | Reached XP level 1. HP: 9/9 MP: 2/2
   126 | D:1      | Reached XP level 2. HP: 6/12 MP: 3/3
   129 | D:1      | Reached skill level 1 in Stealth
   130 | D:1      | Reached skill level 3 in Dodging
   365 | D:1      | Reached XP level 3. HP: 15/15 MP: 4/4
   539 | D:1      | Found Betoum's Antique Weapon Emporium.
   955 | D:2      | Found a faded altar of an unknown god.
  1020 | D:2      | Found a broken altar of Ashenzari.
  1302 | D:2      | Reached XP level 4. HP: 19/19 MP: 5/5
  1466 | D:2      | You fall into a shaft and drop 2 floors!
  1485 | D:4      | Found Kykk's Fire Supplies.
  1594 | D:4      | Slain by a jelly
  1737 | D:4      | Noticed an ogre
  1746 | D:4      | Killed an ogre
  1747 | D:4      | Reached skill level 4 in Dodging
  1747 | D:4      | Reached XP level 5. HP: 17/23 MP: 6/6
  2149 | D:3      | Found an opulent altar of Gozag.
  2149 | D:3      | Found a white marble altar of Elyvilon.
  2196 | D:3      | Got Boow's Anthology of Astrapomancy
  2689 | D:4      | Found Racwumodd's Assorted Antiques.
  2704 | D:4      | Bought a scroll labelled CAREMNISOMM for 19 gold pieces
  2704 | D:4      | Bought a grey potion for 17 gold pieces
  2704 | D:4      | Bought a red potion for 17 gold pieces
  2704 | D:4      | Bought a scroll labelled CAREMNISOMM for 19 gold pieces
  2803 | D:4      | Gained mutation: You are covered in thick fur. (AC +2)
                  | [Felid growth]
  2803 | D:4      | Reached XP level 6. HP: 23/27 MP: 7/7
  3102 | D:5      | Entered Level 5 of the Dungeon
  3455 | D:5      | HP: 1/27 [orc wizard/+0 dagger (2)]
  3470 | D:5      | Killed from afar by an orc wizard
  3521 | D:5      | Noticed a wyvern
  3534 | D:5      | Killed a wyvern
  3535 | D:5      | Reached skill level 5 in Dodging
  3707 | D:5      | Noticed Blork the orc
  3723 | D:5      | HP: 1/28 [orc wizard/puff of flame (8)]
  3741 | D:4      | Slain by an adder

Illustrated notes

Levels and vault maps discovered:
D:1:      scummos_arrival_hexagon, layout_basic, serial_shops, shop,
          st_stairs_13
D:2:      layout_basic, basic_altar,
          hellmonk_ecumenical_altar_pennies_from_heaven,
          kennysheep_generic_room_15, uniq_robin
D:3:      layout_basic, gammafunk_temple_overflow_wave, serial_bayou_pond_b
D:4:      layout_gridville, serial_shops, shop, nicolae_shop_fire_sale
          [nicolae_sub_dead_trees]
D:5:      layout_basic, minmay_misc_feat_chi, uniq_crazy_yiuf_cottage,
          uniq_blork_the_orc

Skill      XL: |  1  2  3  4  5  6 |
---------------+-------------------+-----
Stealth        | 1 2 3 4 |  4.1
Dodging        | 3 4 5 |  5.1
Fighting       | 2 3 |  3.1
Shapeshifting  | 4 |  4.5
Unarmed Combat | 4 |  4.4

Action                     |  1- 3 |  4- 6 || total
---------------------------+-------+-------++-------
  Melee: Unarmed           |    97 |   126 ||   223
         Bite              |     4 |    10 ||    14
         Punch             |     2 |     2 ||     4
   Stab: Sleeping          |     4 |     6 ||    10
 Armour: Skin              |     6 |     5 ||    11
  Dodge: Dodged            |    70 |   122 ||   192

Table legend: (Time is in decaauts)
 A = Elapsed time spent in this place.
 B = Non-inter-level travel time spent in this place.
 C = Inter-level travel time spent in this place.
 D = Time resting spent in this place.
 E = Time spent auto-exploring this place.
 F = Levels seen in this place.
 G = Mean time per level.
                   A        B        C        D        E       F      G
               +--------+--------+--------+--------+--------+-----+--------+
         Total |   3119 |   3032 |     87 |      0 |   2433 |   5 |  623.8 |
       Dungeon |   3119 |   3032 |     87 |      0 |   2433 |   5 |  623.8 |
               +--------+--------+--------+--------+--------+-----+--------+

Top non-repeatable levels by time:
     D:1: 757 daAuts
     D:4: 693 daAuts
     D:3: 653 daAuts
     D:5: 547 daAuts
     D:2: 468 daAuts
